 Dungeon Crawl Stone Soup version 0.18.1-5-g4a78601 (webtiles) character file.

930 mopl the Sneak (level 7, -1/41 HPs)
             Began as a High Elf Enchanter on May 12, 2016.
             Was an Initiate of Dithmenos.
             Slain by a decayed bog body (11 damage)
             ... in an ossuary.
             The game lasted 00:10:01 (3637 turns).

mopl the Sneak (High Elf Enchanter)                 Turns: 3637, Time: 00:10:02

Health: -1/41      AC:  4    Str:  7    XL:     7   Next: 86%
Magic:  3/13       EV: 13    Int: 19    God:    Dithmenos [......]
Gold:   155        SH:  5    Dex: 18    Spells: 5 memorised, 1 level left

rFire  . . .     SeeInvis .     a - +1 dagger
rCold  . . .     Gourm    .     b - +1 robe
rNeg   . . .     Faith    .     (no shield)
rPois  +         Spirit   .     G - +0 helmet
rElec  .         Dismiss  .     (no cloak)
rCorr  .         Reflect  +     (no gloves)
SustAt .         Harm     .     (no boots)
MR     .....                    n - +5 amulet of reflection
Stlth  ++++......               J - ring of poison resistance
                                r - ring of flight

@: not resistant to hostile enchantments, stealthy
A: no striking features
a: Renounce Religion, Evoke Flight


You were in an ossuary.
You worshipped Dithmenos.
Dithmenos was noncommittal.
You were not hungry.

You visited 2 branches of the dungeon, and saw 7 of its levels.
You also visited: Ossuary.

You collected 175 gold pieces.
You donated 8 gold pieces to Zin.

Inventory:

Hand Weapons
 a - a +1 dagger (weapon)
 p - a +2 dagger of speed
Missiles
 z - 5 javelins (quivered)
 H - 19 poisoned needles
Armour
 b - a +1 robe (worn)
 G - a +0 helmet (worn)
Jewellery
 n - a +5 amulet of reflection (around neck)
 r - a ring of flight (left hand)
 y - an uncursed amulet of guardian spirit
 J - a ring of poison resistance (right hand)
Wands
 j - a wand of random effects (25/48)
 E - a wand of polymorph (4/24)
 I - a wand of slowing (9/48)
Scrolls
 e - 11 scrolls of identify {unknown}
 i - 3 scrolls of teleportation {unknown}
 o - 3 scrolls of amnesia {unknown}
 q - 3 scrolls of immolation {unknown}
 t - 4 scrolls of remove curse {unknown}
 u - a scroll of enchant armour {unknown}
 x - 3 scrolls of blinking {unknown}
 C - a scroll of noise {unknown}
Potions
 f - 2 potions of agility {unknown}
 g - 2 potions of brilliance {unknown}
 k - a potion of curing {unknown}
 l - 2 potions of berserk rage {unknown}
 s - 2 potions of resistance {unknown}
 v - a potion of lignification {unknown}
 w - a potion of mutation {unknown}
 A - a potion of invisibility {unknown}
 D - a potion of degeneration {unknown}
Books
 c - a book of Maledictions

   Spells                             Type                      Level
   a - Corona                         Hexes                        1
   b - Ensorcelled Hibernation        Hexes/Ice                    2
   c - Confuse                        Hexes                        3
   d - Tukima's Dance                 Hexes                        3
   e - Dazzling Spray                 Conjuration/Hexes            3
Miscellaneous
 F - a plain deck of defence {drawn: 3}
Comestibles
 d - 3 bread rations
 h - a fruit
 m - 2 meat rations


   Skills:
 + Level 4.4 Short Blades
 - Level 2.1 Dodging
 * Level 6.5 Stealth
 - Level 3.8 Spellcasting
 + Level 2.1 Conjurations
 * Level 5.6 Hexes
 + Level 2.6 Ice Magic


You had one spell level left.
You knew the following spells:

 Your Spells              Type           Power        Failure   Level  Hunger
a - Corona                Hex            ####...      1%          1    None
b - Ensorcelled Hibernat  Hex/Ice        ###...       4%          2    ##.....
c - Confuse               Hex            ####....     4%          3    ###....
d - Tukima's Dance        Hex            ####....     4%          3    ###....
g - Dazzling Spray        Conj/Hex       ###.....     12%         3    ###....


Dungeon Overview and Level Annotations

Branches:
Dungeon (6/15)             Temple (1/1) D:4

Altars:
Ashenzari
Cheibriados
Dithmenos
Elyvilon
Fedhas
Gozag
Kikubaaqudgha
Makhleb
Nemelex Xobeh
Okawaru
Qazlal
Ru
Sif Muna
Trog
Xom
Yredelemnul
Zin

Annotations:
D:5 Bubs's ghost, novice FoFi


Message History

The puff of flame hits the decayed bog body.
The decayed bog body resists.
The decayed bog body is lightly damaged.
Evoking this partially-identified wand wasted a few charges.
Something hits you.
* * * LOW HITPOINT WARNING * * *
Evoke which item? (* to show all) (? for menu, Esc to quit)
Really evoke
j - a wand of random effects {zapped: 4}?
This could place you under penance!
Zapping:
j - a wand of random effects {zapped: 4} (will waste charges)
Press: ? - help, Shift-Dir - straight line, f/p - mummy
Aim: a mummy Nothing appears to happen.
Evoking this partially-identified wand wasted a few charges.
The decayed bog body misses you.
You block the decayed bog body's attack.
Throwing (i - inventory):
z - 6 javelins (quivered)
Press: ? - help, Shift-Dir - straight line, f/p - mummy
Aim: a mummy You throw a javelin.
The decayed bog body hits you!
You die...

#####
#.@∩#
#.(n#
#.M†#
##'##
≈≈.≈
≈.≈.≈≈#
#≈.#P≈.#
#≈#≈≈##≈≈
# ≈≈≈ #≈


You could see a decayed bog body and a mummy.

Vanquished Creatures
  The ghost of mopl the Sneak, an amateur HEEn (D:3)
  An ice beast (D:5)
  A giant frog (D:4)
  A scorpion (D:5)
  A water moccasin skeleton (D:4)
  A bog body (Ossuary)
  A crimson imp (D:5)
  A giant frog skeleton (D:5)
  3 orc wizards
  Ijyb (D:2)
  Terence (D:3)
  An iguana (D:4)
  2 worker ants (D:5)
  A mummy (Ossuary)
  8 adders
  A shadow imp (D:5)
  An ooze (D:1)
  An adder zombie (Ossuary)
  3 worms
  A dart slug (D:4)
  5 giant geckos
  15 orcs
  A ball python (D:4)
  5 bats
  4 giant cockroaches
  4 goblins
  5 hobgoblins
  2 quokkas
  A giant newt (D:1)
  6 kobolds
  8 rats
88 creatures vanquished.

Vanquished Creatures (others)
  A withered plant (Ossuary)
1 creature vanquished.

Grand Total: 89 creatures vanquished

Notes
Turn   | Place    | Note
--------------------------------------------------------------
     0 | D:1      | mopl the High Elf Enchanter began the quest for the Orb.
     0 | D:1      | Reached XP level 1. HP: 11/11 MP: 4/4
    91 | D:1      | Reached XP level 2. HP: 17/17 MP: 6/6
    95 | D:1      | Learned a level 2 spell: Ensorcelled Hibernation
   726 | D:2      | Reached skill level 4 in Stealth
   726 | D:2      | Reached XP level 3. HP: 21/21 MP: 2/8
   734 | D:2      | Learned a level 3 spell: Confuse
   736 | D:2      | Found an iron altar of Okawaru.
   866 | D:2      | Noticed Ijyb
   870 | D:2      | Noticed Terence
   873 | D:2      | Killed Ijyb
   873 | D:2      | Reached skill level 2 in Short Blades
   873 | D:2      | Reached skill level 3 in Spellcasting
  1057 | D:2      | Reached XP level 4. HP: 27/27 MP: 6/9
  1153 | D:2      | Found a deep blue altar of Sif Muna.
  1272 | D:3      | Noticed mopl's ghost (amateur HEEn)
  1286 | D:3      | Killed mopl's ghost
  1286 | D:3      | Reached skill level 5 in Stealth
  1286 | D:3      | Reached skill level 4 in Hexes
  1286 | D:3      | Reached skill level 1 in Ice Magic
  1286 | D:3      | Reached XP level 5. HP: 31/31 MP: 4/11
  1291 | D:3      | Learned a level 3 spell: Tukima's Dance
  1315 | D:2      | Reached XP level 6. HP: 32/36 MP: 1/12
  1710 | D:3      | Killed Terence
  1710 | D:3      | Reached skill level 3 in Short Blades
  1782 | D:3      | Found a bloodstained altar of Trog.
  1912 | D:3      | Found a faded altar to an unknown god.
  1920 | D:3      | Became a worshipper of Zin the Law-Giver
  1920 | D:3      | Reached * piety under Zin
  1920 | D:3      | Fell from the grace of Zin
  2370 | D:4      | Learned a level 3 spell: Dazzling Spray
  2521 | D:4      | Found a staircase to the Ecumenical Temple.
  2535 | Temple   | Entered the Ecumenical Temple
  2777 | D:4      | Reached skill level 2 in Ice Magic
  2777 | D:4      | Reached XP level 7. HP: 41/41 MP: 10/13
  2837 | D:4      | Reached skill level 5 in Hexes
  2928 | D:4      | Reached skill level 6 in Stealth
  2928 | D:4      | Reached skill level 1 in Conjurations
  2983 | D:5      | Entered Level 5 of the Dungeon
  3069 | D:5      | Found a shimmering altar of Xom.
  3093 | D:5      | Found a sparkling altar of Nemelex Xobeh.
  3113 | D:5      | Reached skill level 4 in Short Blades
  3171 | D:5      | Found an opulent altar of Gozag.
  3319 | D:5      | Reached skill level 2 in Conjurations
  3323 | D:5      | Found a shadowy altar of Dithmenos.
  3333 | D:5      | Became a worshipper of Dithmenos the Shadowed
  3441 | D:5      | Noticed Bubs's ghost (novice FoFi)
  3471 | D:6      | Found a sand-covered staircase.
  3556 | Ossuary  | Entered an ossuary
  3637 | Ossuary  | Slain by a decayed bog body

Skill      XL: |  1  2  3  4  5  6  7 |
---------------+----------------------+-----
Stealth        | 4 5 6 |  6.5
Short Blades   | 2 3 4 |  4.4
Spellcasting   | 3 |  3.8
Hexes          | 4 5 |  5.6
Ice Magic      | 1 2 |  2.6
Conjurations   | 2 |  2.1
Dodging        | |  2.1

Action                   |  1- 3 |  4- 6 |  7- 9 || total
-------------------------+-------+-------+-------++-------
Melee: Dagger            |    68 |   126 |    85 ||   279
Throw: Javelin           |       |       |     1 ||     1
 Cast: Corona            |     2 |       |       ||     2
       Ensorcelled Hiber |    11 |    34 |    20 ||    65
       Confuse           |     2 |     4 |    10 ||    16
Invok: Renounce Religion |       |     1 |       ||     1
Evoke: Wand              |       |       |     3 ||     3
       Deck              |       |       |     3 ||     3
 Stab: Sleeping          |    13 |    27 |    13 ||    53
       Confused          |     1 |     4 |     2 ||     7
  Eat: Chunk             |     1 |     7 |     4 ||    12
Armor: Robe              |     7 |     9 |     8 ||    24
Dodge: Dodged            |    43 |    57 |    35 ||   135
Block: Other             |       |    21 |    15 ||    36
